 Dungeon Crawl Stone Soup version 0.20.1-1-g8b1a95d (webtiles) character file.

9871 Gremour the Carver (level 11, -3/101 HPs)
             Began as a Grey Draconian Monk on Sept 22, 2017.
             Was a High Priest of Okawaru.
             Slain by a swamp worm (11 damage)
             ... on level 10 of the Dungeon.
             The game lasted 01:13:30 (9100 turns).

Gremour the Carver (Grey Draconian Monk)            Turns: 9100, Time: 01:13:31

Health: -3/101     AC: 14    Str: 19    XL:     11   Next: 28%
Magic:  17/17      EV: 18    Int: 13    God:    Okawaru [*****.]
Gold:   321        SH:  5    Dex: 20    Spells: 17/19 levels left

rFire    + . .     SeeInvis .   b - +11 war axe "Embalmer" {protect, Str+2}
rCold    + . .     Gourm    .   y - +0 buckler
rNeg     . . .     Faith    .   (armour unavailable)
rPois    .         Spirit   .   (helmet restricted)
rElec    .         Reflect  .   g - +1 cloak
rCorr    .         Harm     .   (no gloves)
MR       .....     Rnd*Rage +   (no boots)
Stlth    +++.......             M - amulet of Jiutemin {+Rage rC+ Str+4}
Regen    0.3/turn               u - +3 ring of dexterity
MPRegen  0.2/turn               c - ring of protection from fire

@: very slow
A: walk through water, unfitting armour, berserk 1, blurry vision 1, clever 1,
robust 1, unbreathing, cold-blooded, AC +12
a: Heroism, Finesse, Renounce Religion, Evoke Berserk Rage


You were on level 10 of the Dungeon.
You worshipped Okawaru.
Okawaru was extremely pleased with you.
You were not hungry.

You visited 2 branches of the dungeon, and saw 11 of its levels.

You collected 553 gold pieces.
You spent 232 gold pieces at shops.

Inventory:

Hand Weapons
 a - a +0 long sword
 b - the +11 war axe "Embalmer" (weapon) {protect, Str+2}
   (Okawaru gifted it to you on level 10 of the Dungeon)

   It protects the one who uses it against injury (+AC on strike).
   It affects your strength (+2).
 k - a +1 battleaxe of electrocution
 r - a +0 falchion
 s - a +2 whip of flaming
 t - a +2 quarterstaff of chaos
 w - a +0 flail of holy wrath
 z - a +3 dagger
 C - a +0 dire flail of protection
 E - a +0 great sword
Armour
 g - a +1 cloak (worn)
 y - a +0 buckler (worn)
Magical Staves
 p - an uncursed staff of air
Jewellery
 c - a ring of protection from fire (right hand)
 o - an uncursed ring of positive energy
 u - a +3 ring of dexterity (left hand)
 v - an uncursed ring of teleportation
 x - an uncursed ring of flight
 M - the amulet of Jiutemin (around neck) {+Rage rC+ Str+4}
   (You found it on level 10 of the Dungeon)

   [amulet of rage]

   It affects your strength (+4).
   It protects you from cold.
   It lets you go berserk.
Wands
 B - a wand of polymorph (13/24)
 K - a wand of confusion (28/48)
 V - a wand of flame (27/48)
Scrolls
 d - a scroll of identify
 f - 2 scrolls of teleportation
 m - a scroll of amnesia
 n - 2 scrolls of recharging
 q - 2 scrolls of fear
 G - a scroll of enchant weapon
 L - a scroll of remove curse
Potions
 e - 3 potions of flight
 i - a potion of curing
 l - a potion of cancellation
 D - 2 potions of brilliance
 F - a potion of lignification
Books
 A - a book of Debilitation

   Spells                             Type                      Level
   a - Corona                         Hexes                        1
   b - Slow                           Hexes                        2
   c - Inner Flame                    Hexes/Fire                   3
   d - Portal Projectile              Hexes/Translocation          3
   e - Cause Fear                     Hexes                        4
   f - Leda's Liquefaction            Hexes/Earth                  4
Comestibles
 h - 5 royal jellies
 j - 3 fruits
 H - a meat ration
 J - 3 bread rations


   Skills:
 + Level 7.2 Fighting
 + Level 9.4 Long Blades
 + Level 3.1(3.2) Axes
 - Level 1.0(2.2) Maces & Flails
 + Level 7.5 Dodging
 + Level 4.3 Stealth
 * Level 1.7 Shields
 * Level 6.8 Unarmed Combat
 + Level 4.5 Spellcasting
 + Level 4.5 Hexes
   Level 5.8 Earth Magic
 * Level 3.5 Invocations
 + Level 3.3 Evocations


You had 17 spell levels left.
You knew the following spells:

 Your Spells              Type           Power        Failure   Level  Hunger
s - Slow                  Hex            ##......     6%          2    ##.....


Dungeon Overview and Level Annotations

Branches:
Dungeon (10/15)            Temple (1/1) D:5
   Lair: D:8-11         Orc: D:9-12

Altars:
Ashenzari
Cheibriados
Dithmenos
Elyvilon
Fedhas
Gozag
Hepliaklqana
Kikubaaqudgha
Makhleb
Nemelex Xobeh
Okawaru
Qazlal
Ru
Sif Muna
Trog
Uskayaw
Vehumet
Xom
Yredelemnul
Zin
The Shining One

Shops:
D:8 }


Innate Abilities, Weirdness & Mutations

You can walk through water.
Your dull iron-grey scales are very hard. (AC +12)
You cannot fit into any form of body armour.
You can survive without breathing.
You are cold-blooded and may be slowed by cold attacks.
You tend to lose your temper in combat.
Scrolls take you a little longer to read.
Your mind is acute. (Int +2)
You are robust. (+10% HP)


Message History

The swamp worm bites you but does no damage.
The swamp worm barely misses you.
A swamp worm bursts forth from the water.
The swamp worm bites you. You block the swamp worm's attack.
The swamp worm misses you.
The swamp worm closely misses you. x2; You block the swamp worm's attack.
The swamp worm bites you but does no damage.
The swamp worm bites you but does no damage.
The swamp worm bites you!!
* * * LOW HITPOINT WARNING * * *
The swamp worm bites you!
* * * LOW HITPOINT WARNING * * *
The swamp worm barely misses you. x2
Really read with blurry vision while enemies are nearby?
The swamp worm bites you!
* * * LOW HITPOINT WARNING * * *
The swamp worm barely misses you.
You begin reading the scroll.
You continue reading the scroll.
The swamp worm bites you!
You die...

.... ...#..##..#....#
.......#.....#..#....#
.......#.....'..#....#
.......#.....#..#....#
.......#....)#..#....#
......#.≈≈≈≈≈≈≈#....#
......≈≈≈≈≈≈≈≈≈≈≈...#
..#+≈≈≈#######≈≈≈### ...
#.≈≈##≈≈w@≈#P†≈+ ....
#.≈≈#$≈≈ww≈≈≈≈≈#
.....##≈†##≈≈≈≈≈#≈≈≈#######+###
#....≈≈≈#######≈≈≈...........
#.....≈≈≈≈≈≈≈≈≈≈≈............
#.......≈≈≈≈≈≈≈..............
#............................
#.......................)....
#..........................%.


You could see 3 swamp worms.

Vanquished Creatures
  Snorg (D:10)
  A two-headed ogre (D:8)
  Pikel (D:7)
  The ghost of Asgaroth the Arsonist, a novice DEFE (D:8)
  Joseph (D:7)
  The ghost of appiemonkey the Conjurer, a novice OpCj (D:3)
  A troll (D:9)
  2 hippogriffs
  Sigmund (D:6)
  6 yaks (D:10)
  Menkaure (D:7)
  Edmund (D:6)
  An orc warrior (D:10)
  2 sky beasts
  2 ice beasts (D:6)
  2 necrophages
  3 ogres
  7 centaurs
  A phantom (D:5)
  3 crocodiles
  A big kobold (D:10)
  5 bullfrogs
  A water moccasin zombie (D:8)
  5 howler monkeys
  3 crimson imps
  An iron imp (D:9)
  2 jellies
  3 hounds
  Crazy Yiuf (D:5)
  2 centaur skeletons
  3 orc priests
  A bullfrog skeleton (D:6)
  Terence (D:2)
  9 orc wizards
  6 worker ants
  A killer bee zombie (D:7)
  2 hound skeletons
  A howler monkey zombie (D:5)
  2 worker ant zombies
  4 gnolls (D:8)
  8 adders
  A shadow imp (D:8)
  3 adder skeletons
  15 worms
  2 dart slugs
  A leopard gecko (D:6)
  31 orcs
  A ball python (D:2)
  9 bats
  3 giant cockroaches
  10 goblins
  6 hobgoblins
  10 jackals
  15 kobolds
  A quokka (D:2)
  4 frilled lizards
  A giant cockroach zombie (D:5)
  A leopard gecko zombie (D:5)
  3 rats
  A bush (D:5)
219 creatures vanquished.

Vanquished Creatures (others)
  2 slaves (D:7)
  A crocodile (D:8)
  A hound (D:7)
  A bullfrog skeleton (D:7)
  A worker ant (D:7)
  A howler monkey zombie (D:7)
  A shadow imp (D:7)
  3 plants (D:10)
11 creatures vanquished.

Grand Total: 230 creatures vanquished

Notes
Turn   | Place    | Note
-------+----------+-------------------------------------------
     0 | D:1      | Gremour the Draconian Monk began the quest for the Orb.
     0 | D:1      | Reached XP level 1. HP: 19/19 MP: 1/1
   352 | D:1      | Reached XP level 2. HP: 9/26 MP: 2/2
   780 | D:2      | Noticed Terence
   826 | D:2      | Killed Terence
   826 | D:2      | Reached XP level 3. HP: 10/33 MP: 3/3
  1291 | D:2      | Found a shadowy altar of Dithmenos.
  1337 | D:2      | Found a sparkling altar of Nemelex Xobeh.
  1339 | D:2      | Found a deep blue altar of Sif Muna.
  1534 | D:2      | Reached XP level 4. HP: 38/40 MP: 4/4
  1545 | D:3      | Reached skill level 1 in Unarmed Combat
  2006 | D:3      | Noticed appiemonkey's ghost (novice OpCj)
  2043 | D:3      | Killed appiemonkey's ghost
  2043 | D:3      | Reached skill level 4 in Long Blades
  2043 | D:3      | Reached XP level 5. HP: 33/46 MP: 5/5
  2043 | D:3      | Reached XP level 6. HP: 37/52 MP: 6/6
  2144 | D:3      | Found a sparkling altar of Nemelex Xobeh.
  2489 | D:4      | Gained mutation: Your muscles are strong. (Str +2) [potion of mutation]
  2489 | D:4      | Lost mutation: Your muscles are strong. (Str +2) [potion of mutation]
  2489 | D:4      | Gained mutation: You are agile. (Dex +2) [potion of mutation]
  2489 | D:4      | Gained mutation: You are robust. (+10% HP) [potion of mutation]
  2630 | D:4      | Reached skill level 5 in Long Blades
  2843 | D:4      | Found a glowing golden altar of the Shining One.
  2891 | D:4      | Your scales start taking on a dull iron-grey colour.
  2891 | D:4      | Reached XP level 7. HP: 64/64 MP: 7/7
  2891 | D:4      | Gained mutation: You can survive without breathing. [Grey Draconian growth]
  3138 | D:5      | Entered Level 5 of the Dungeon
  3341 | D:5      | Found a staircase to the Ecumenical Temple.
  3356 | Temple   | Entered the Ecumenical Temple
  3433 | Temple   | Became a worshipper of Warmaster Okawaru
  3433 | Temple   | Reached * piety under Okawaru
  3433 | Temple   | Reached ** piety under Okawaru
  3640 | D:5      | Found a burning altar of Makhleb.
  3852 | D:5      | Found a runed door.
  3856 | D:5      | Noticed Crazy Yiuf
  3868 | D:5      | Killed Crazy Yiuf
  4020 | D:5      | Reached skill level 6 in Long Blades
  4282 | D:6      | Reached skill level 5 in Dodging
  4282 | D:6      | Reached XP level 8. HP: 47/73 MP: 8/8
  4316 | D:6      | Learned a level 2 spell: Slow
  4323 | D:6      | Found an opulent altar of Gozag.
  4590 | D:6      | Noticed Sigmund
  4600 | D:6      | Reached skill level 7 in Long Blades
  4600 | D:6      | Reached skill level 5 in Unarmed Combat
  4600 | D:6      | Reached skill level 5 in Earth Magic
  4600 | D:6      | Reached XP level 9. HP: 77/84 MP: 8/15
  4617 | D:6      | Killed Sigmund
  4617 | D:6      | Reached *** piety under Okawaru
  4670 | D:6      | Gained mutation: Scrolls take you a little longer to read. [mutagenic meat]
  4671 | D:6      | Gained mutation: Your mind is acute. (Int +2) [mutagenic meat]
  4672 | D:6      | Gained mutation: You tend to lose your temper in combat. [mutagenic meat]
  4673 | D:6      | Gained mutation: You have large cloven feet. [mutagenic meat]
  4674 | D:6      | Lost mutation: You are agile. (Dex +2) [mutagenic meat]
  4675 | D:6      | Lost mutation: You have large cloven feet. [mutagenic meat]
  4820 | D:6      | Noticed Edmund
  4853 | D:6      | Killed Edmund
  4853 | D:6      | Reached skill level 8 in Long Blades
  5215 | D:7      | Noticed Pikel
  5296 | D:7      | Noticed Menkaure
  5309 | D:7      | Killed Pikel
  5333 | D:7      | Killed Menkaure
  5515 | D:7      | Noticed Joseph
  6211 | D:7      | Killed Joseph
  6211 | D:7      | Reached **** piety under Okawaru
  6211 | D:7      | Reached XP level 10. HP: 45/92 MP: 16/16
  6582 | D:8      | Noticed a two-headed ogre
  6590 | D:8      | Reached skill level 1 in Invocations
  6612 | D:8      | Killed a two-headed ogre
  6942 | D:8      | Noticed Asgaroth's ghost (novice DEFE)
  6970 | D:8      | Killed Asgaroth's ghost
  6970 | D:8      | Reached ***** piety under Okawaru
  7313 | D:8      | Reached skill level 1 in Maces & Flails
  7399 | D:8      | Reached skill level 9 in Long Blades
  7632 | D:8      | Found Faebariutt's Gadget Boutique.
  7641 | D:8      | Bought a wand of flame (27/48) for 232 gold pieces
  7814 | D:9      | Found a shattered altar of Ashenzari.
  7850 | D:9      | Found a snail-covered altar of Cheibriados.
  8033 | D:9      | Found a sacrificial altar of Ru.
  8182 | D:9      | Found a blossoming altar of Fedhas.
  8271 | D:9      | Found a hazy altar of Hepliaklqana.
  8485 | D:10     | Entered Level 10 of the Dungeon
  8573 | D:10     | Received a gift from Okawaru
  8573 | D:10     | Reached XP level 11. HP: 101/101 MP: 17/17
  8587 | D:10     | Got an iridescent war axe {god gift}
  8592 | D:10     | Identified the +11 war axe "Embalmer" {protect, Str+2} (Okawaru gifted it to you on level 10 of the Dungeon)
  8753 | D:10     | Reached skill level 1 in Axes
  8889 | D:10     | Got a clouded pewter amulet
  8890 | D:10     | Identified the amulet of Jiutemin {+Rage rC+ Str+4} (You found it on level 10 of the Dungeon)
  8963 | D:10     | Noticed Snorg
  8980 | D:10     | Killed Snorg
  8980 | D:10     | Reached skill level 1 in Shields
  9100 | D:10     | Slain by a swamp worm

Skill      XL: |  1  2  3  4  5  6  7  8  9 10 11 |
---------------+----------------------------------+-----
Dodging        | 3 4 5 6 7 |  7.5
Stealth        | 2 3 4 |  4.3
Unarmed Combat | 2 3 5 6 |  6.8
Fighting       | 4 6 7 |  7.2
Long Blades    | 4 5 6 7 8 9 |  9.4
Spellcasting   | 4 |  4.5
Hexes          | 4 |  4.5
Earth Magic    | 5 |  5.8
Evocations     | 3 |  3.3
Invocations    | 3 |  3.5
Maces & Flails | 1 |  1.0
Axes           | 3 |  3.1
Shields        | 1 |  1.7

Action                   |  1- 3 |  4- 6 |  7- 9 | 10-12 || total
-------------------------+-------+-------+-------+-------++-------
Melee: Falchion          |    99 |    81 |       |       ||   180
       Tailslap          |    12 |    16 |   101 |    92 ||   221
       Long sword        |       |    31 |   419 |   342 ||   792
       Punch             |       |       |     8 |     6 ||    14
       Unarmed           |       |       |    26 |       ||    26
       Flail             |       |       |     4 |     6 ||    10
       War axe           |       |       |       |    66 ||    66
 Cast: Slow              |       |       |     6 |       ||     6
Invok: Heroism           |       |       |     2 |     3 ||     5
       Finesse           |       |       |       |     2 ||     2
 Abil: Evoke Berserk Rag |       |       |       |     1 ||     1
  Use: Potion            |     3 |     3 |    11 |     2 ||    19
       Scroll            |       |     7 |     9 |     6 ||    22
 Stab: Sleeping          |     2 |     4 |     3 |     8 ||    17
       Distracted        |       |     1 |       |     1 ||     2
       Fleeing           |       |       |     3 |       ||     3
  Eat: Chunk             |     2 |     3 |    11 |     8 ||    24
       Fruit             |       |     1 |     2 |       ||     3
       Meat ration       |       |       |     1 |       ||     1
       Bread ration      |       |       |     1 |       ||     1
Armor: Skin              |    32 |    31 |   119 |   130 ||   312
Dodge: Dodged            |    80 |    77 |   196 |   392 ||   745
Block: Buckler           |       |       |       |    77 ||    77
       Rpst.: Falchion   |    28 |    11 |       |       ||    39
       Long sword        |       |     8 |    51 |    85 ||   144
